 Dungeon Crawl Stone Soup version 0.31.0-32-g396128a36d (webtiles) character file.

Game seed: 7892635365046411276

5511 Fractals the Fighter (level 10, -3/97 HPs)
             Began as a Hill Orc Fighter on Apr 13, 2024.
             Was a Believer of Beogh.
             Slain by an acid dragon (8 damage)
             ... on level 9 of the Dungeon.
             The game lasted 00:16:16 (7672 turns).

Fractals the Fighter (Hill Orc Fighter)             Turns: 7672, Time: 00:16:17

Health: -3/97      AC: 11    Str: 28    XL:     10   Next: 70%
Magic:  13/13      EV:  9    Int: 14    God:    Beogh [**....]
Gold:   665        SH: 21    Dex: 12    Spells: 9/9 levels left

rFire   . . .        a - +1 war axe
rCold   . . .        y - +0 tower shield
rNeg    . . .        t - +1 chain mail
rPois   .            u - +1 hat
rElec   .            w - +2 cloak
rCorr   .            C - +0 pair of gloves
SInv    .            (no boots)
Will    .....        D - amulet of reflection Stlth
                     e - +6 ring of strength
HPRegen 0.36/turn    x - +6 ring of intelligence
MPRegen 0.13/turn

%: reflection
@: corroded
A: no striking features
a: Renounce Religion, Smiting


You were on level 9 of the Dungeon.
You worshipped Beogh.
Beogh was pleased with you.
You visited 1 branch of the dungeon, and saw 9 of its levels.

You collected 665 gold pieces.

Inventory:

Hand Weapons
 a - a +1 war axe (weapon)
 A - a +0 demon whip
Missiles
 n - a throwing net (quivered)
Armour
 t - a +1 chain mail (worn)
 u - a +1 hat (worn)
 w - a +2 cloak (worn)
 y - a +0 tower shield (worn)
 C - a +0 pair of gloves (worn)
Jewellery
 e - a +6 ring of strength (left hand)
 l - a ring of ice
 x - a +6 ring of intelligence (right hand)
 D - an amulet of reflection (around neck)
 F - a ring of poison resistance
 J - a +6 ring of intelligence
Wands
 m - a wand of digging (6)
 v - a wand of charming (5)
Scrolls
 b - a scroll of brand weapon {unknown}
 c - a scroll of immolation
 i - 6 scrolls of poison
 j - 3 scrolls of enchant armour
 k - 3 scrolls of identify
 p - a scroll of revelation {unknown}
 r - a scroll of butterflies {unknown}
 s - a scroll of blinking {unknown}
 z - 2 scrolls of teleportation
 E - a scroll of enchant weapon
 H - a scroll of vulnerability {unknown}
 I - a scroll of silence {unknown}
Potions
 d - 2 potions of haste
 f - a potion of curing
 g - 2 potions of resistance
 h - a potion of enlightenment {unknown}
 o - 2 potions of berserk rage
 q - 3 potions of might
 B - 2 potions of heal wounds
 G - a potion of attraction {unknown}


   Skills:
 - Level 12.0 Fighting
 + Level 3.0 Axes
 - Level 3.2 Armour
 - Level 4.5 Dodging
 + Level 11.6 Shields
 - Level 5.0 Invocations


You had 9 spell levels left.
You didn't know any spells.
Your spell library contained the following spells:

 Spells                   Type           Power      Damage    Failure   Level
 Slow                     Hex            0%         N/A       98%         1
 Blink                    Tloc           0%         N/A       99%         2
 Lesser Beckoning         Tloc           0%         N/A       99%         2
 Momentum Strike          Conj/Tloc      0%         3d8       99%         2
 Dazzling Flash           Conj/Hex       0%         N/A       100%        3
 Gell's Gravitas          Tloc           0%         N/A       100%        3
 Teleport Other           Tloc           0%         N/A       100%        3
 Tukima's Dance           Hex            0%         N/A       100%        3
 Anguish                  Hex/Necr       0%         N/A       100%        4
 Dimensional Bullseye     Hex/Tloc       0%         N/A       100%        4
 Vhi's Electric Charge    Tloc/Air       0%         N/A       100%        4
 Arcjolt                  Conj/Air       0%         1d10      100%        5
 Dispersal                Tloc           0%         N/A       100%        6
 Plasma Beam              Fire/Air       0%         2x1d10    100%        6


Dungeon Overview and Level Annotations

Branches:
Dungeon (9/15)             Temple (0/1) D:7
   Lair: D:8-11         Orc: D:9-12

Altars:
Ashenzari
Cheibriados
Dithmenos
Gozag
Sif Muna
Wu Jian

Shops:
D:6 [

Annotations:
D:8 Jeremiah


Message History

The bolt of electricity hits you! You block the acid dragon's attack. x2
You barely miss the electric eel.
You hit the acid dragon but do no damage.
You slash the wyvern! You block the wyvern's attack.
The electric eel shoots out a bolt of lightning at you!
The bolt of electricity misses you. You block the wyvern's attack.
You block the acid dragon's attack. The acid dragon barely misses you.
You closely miss the electric eel. You slash the wyvern!
You hit the acid dragon.
The wyvern bites you but does no damage.
The electric eel shoots out a bolt of lightning at you!
The bolt of electricity hits you! You block the acid dragon's attack.
The acid dragon claws you but does no damage.
You block the wyvern's attack. The acid dragon closely misses you.
The acid dragon claws you but does no damage.
You block the wyvern's attack.
You slash the electric eel!
The electric eel is heavily wounded.
You barely miss the wyvern. You closely miss the acid dragon.
You block the wyvern's attack.
The electric eel shoots out a bolt of lightning at you!
The bolt of electricity hits you. The acid dragon spits acid at you.
The splash of acid hits you!!
* * * LOW HITPOINT WARNING * * *
The acid corrodes you! You block the wyvern's attack.
You hit the electric eel.
The electric eel is almost dead.
You closely miss the acid dragon. You hit the wyvern.
You block the wyvern's attack.
The electric eel shoots out a bolt of lightning at you!
The bolt of electricity hits you!
* * * LOW HITPOINT WARNING * * *
You block the acid dragon's attack. The acid dragon barely misses you.
You block the wyvern's attack.
The electric eel shoots out a bolt of lightning at you!
The bolt of electricity hits you!
* * * LOW HITPOINT WARNING * * *
The acid dragon bites you!
You die...

~~## .....~~....#
......~~...#
.$~~....~..#
.~..~~..~..#
.~....~~...####
..~~⌠.......#.##
...⌠~~.........###
~~....~@.(.......##
..~~..SDk..####...#
....~~.....####...######
~~......?...............
.~~...................).
#~~~~~~###..............
##~~~~# ##..###########
##### #### ##. #..


You could see a wyvern, an acid dragon (catching breath) and an electric eel.

Vanquished Creatures
  Joseph (D:7)
  A troll (D:9)
  A shadow (D:8)
  7 yaks (D:8)
  Grum (D:8)
  A steam dragon (D:6)
  4 ice beasts
  2 black bears
  2 water moccasins
  2 orc warriors
  A sky beast (D:6)
  6 ogres
  2 wolves (D:8)
  2 centaurs
  A phantom (D:6)
  5 bullfrogs
  A scorpion (D:7)
  7 killer bees
  A howler monkey (D:6)
  2 jellies
  A bombardier beetle (D:4)
  2 orc priests
  2 hounds (D:4)
  A sleepcap (D:6)
  3 iguanas
  12 orc wizards
  Natasha (twice) (D:4)
  4 gnolls (D:5)
  12 adders
  A white imp (D:5)
  2 ufetubi (D:7)
  4 ribbon worms
  6 dart slugs
  14 orcs
  2 bats (D:3)
  3 endoplasms
  5 giant cockroaches
  5 goblins
  4 hobgoblins
  3 jackals (D:1)
  4 quokkas
  4 ball pythons
  2 frilled lizards
  12 kobolds
  2 rats
162 creatures vanquished.

Vanquished Creatures (others)
  An orc (D:4)
1 creature vanquished.

Grand Total: 163 creatures vanquished

Notes
Turn   | Place    | Note
-------+----------+-------------------------------------------
     0 | D:1      | Fractals the Hill Orc Fighter began the quest for the Orb.
     0 | D:1      | Reached XP level 1. HP: 19/19 MP: 1/1
   325 | D:1      | Reached XP level 2. HP: 27/27 MP: 2/2
   328 | D:1      | Reached skill level 4 in Fighting
   336 | D:1      | Got the Compendium of the Maleficium
   377 | D:1      | Found a faded altar of an unknown god.
   547 | D:2      | Reached XP level 3. HP: 34/34 MP: 3/3
   770 | D:2      | Reached XP level 4. HP: 30/41 MP: 4/4
   870 | D:2      | Reached skill level 5 in Fighting
  1158 | D:2      | Found a shimmering blue altar of Sif Muna.
  1707 | D:3      | Found an ornate altar of the Wu Jian Council.
  1735 | D:4      | Reached XP level 5. HP: 44/48 MP: 5/5
  1757 | D:4      | Became a worshipper of Beogh the Brigand
  1832 | D:4      | Reached skill level 5 in Shields
  2005 | D:4      | Reached skill level 6 in Fighting
  2024 | D:4      | Reached skill level 1 in Dodging
  2051 | D:4      | Reached XP level 6. HP: 57/57 MP: 6/6
  2150 | D:4      | Noticed Natasha
  2160 | D:4      | Killed Natasha
  2498 | D:4      | Noticed Natasha
  2502 | D:4      | Killed Natasha
  2619 | D:5      | Entered Level 5 of the Dungeon
  2642 | D:5      | Reached * piety under Beogh
  2643 | D:5      | Noticed a black bear
  2653 | D:5      | Killed a black bear
  2654 | D:5      | Reached XP level 7. HP: 55/63 MP: 7/7
  2837 | D:5      | Found a broken altar of Ashenzari.
  2844 | D:5      | HP: 1/63 [ogre/+0 giant club (19)]
  3223 | D:5      | Reached XP level 8. HP: 51/70 MP: 9/11
  3341 | D:5      | Reached skill level 5 in Invocations
  3392 | D:5      | Found a shadowy altar of Dithmenos.
  3726 | D:6      | Found Gusetsih's Antique Armour Boutique.
  3860 | D:6      | Reached skill level 7 in Fighting
  3880 | D:6      | Reached skill level 8 in Fighting
  4081 | D:6      | Reached XP level 9. HP: 51/82 MP: 12/12
  4583 | D:6      | Reached skill level 9 in Fighting
  4786 | D:7      | Noticed Joseph
  4811 | D:7      | Killed Joseph
  4955 | D:7      | Found an opulent altar of Gozag.
  5113 | D:7      | Reached ** piety under Beogh
  5114 | D:7      | Reached skill level 10 in Fighting
  5588 | D:7      | Found a staircase to the Ecumenical Temple.
  5635 | D:7      | Found a snail-covered altar of Cheibriados.
  5789 | D:8      | Reached XP level 10. HP: 94/94 MP: 13/13
  5798 | D:8      | Reached skill level 11 in Fighting
  5981 | D:8      | Reached skill level 10 in Shields
  6450 | D:8      | Noticed Grum
  6467 | D:8      | Killed Grum
  6764 | D:8      | Noticed Jeremiah
  6957 | D:8      | Reached skill level 12 in Fighting
  7672 | D:9      | Slain by an acid dragon

Illustrated notes

Levels and vault maps discovered:
D:1:      mainiacjoe_arrival_oval_in_oval, layout_basic,
          shapermc_ecumenical_altar_mp_ritualfount, due_unseen_surprise
D:2:      layout_basic, basic_altar
D:3:      layout_rooms, general_overflow_altar
D:4:      layout_gridville, eino_tiny_chamber, uniq_natasha
D:5:      layout_cave_pools, grunt_dithmenos_smoke, nicolae_ashenzari_skybound
D:6:      hangedman_cross_stitches, layout_basic, serial_shops, shop
D:7:      layout_basic, amcnicky_altar_gilded, slow_altar_2,
          minmay_temple_entry_fiery, serial_aquarium,
          aquarium_bridge_long_separate [aquarium_subvault_bridge,
          aquarium_subvault_bridge, aquarium_subvault_window,
          aquarium_subvault_balcony, aquarium_subvault_bridge,
          aquarium_subvault_bridge], aquarium_window_corridor_3,
          aquarium_window_corner, aquarium_window_fake, aquarium_view_2e,
          aquarium_pool_2, uniq_joseph
D:8:      layout_loops_ring, uniq_grum, uniq_jeremiah
D:9:      cheibrodos_helix_gallery, layout_gridville, trog_hazing_becter,
          mainiacjoe_overflow_large_starburst, enter_bailey_7, kennysheep_potato

Skill      XL: |  1  2  3  4  5  6  7  8  9 10 |
---------------+-------------------------------+-----
Axes           | 3 |  3.0
Fighting       | 4 5 6 8 10 12 | 12.0
Shields        | 4 5 7 9 11 | 11.6
Dodging        | 1 3 4 |  4.5
Invocations    | 4 5 |  5.0
Armour         | |  3.2

Action                     |  1- 3 |  4- 6 |  7- 9 | 10-12 || total
---------------------------+-------+-------+-------+-------++-------
  Melee: War axe           |    57 |   162 |   254 |   247 ||   720
 Invoke: Convert to Beogh  |       |     1 |       |       ||     1
         Smiting           |       |       |       |     1 ||     1
    Use: Scroll            |       |     3 |     6 |     6 ||    15
         Potion            |       |       |     3 |     2 ||     5
 Armour: Scale mail        |    44 |    80 |       |       ||   124
         Chain mail        |       |    62 |   212 |   114 ||   388
  Dodge: Dodged            |    35 |    75 |   111 |    41 ||   262
  Block: Buckler           |    10 |    43 |    95 |       ||   148
         Tower shield      |       |       |    50 |   279 ||   329
         Reflection        |       |       |     5 |     3 ||     8
